 Dungeon Crawl Stone Soup version 0.29.1-13-g9f3cf754e1 (webtiles) character file.

Game seed: 4747522457818056721

56 unlimited1921 the Shooter (level 3, -5/31 HPs)
             Began as a Minotaur Hunter on Feb 1, 2023.
             Slain by a goblin
             ... wielding a +0 morningstar
             ... led by Robin
              (17 damage)
             ... on level 3 of the Dungeon.
             The game lasted 00:06:39 (1975 turns).

unlimited1921 the Shooter (Minotaur Hunter)         Turns: 1975, Time: 00:06:39

Health: -5/31      AC:  3    Str: 17    XL:     3   Next: 69%
Magic:  2/2        EV: 12    Int:  6    God:
Gold:   73         SH:  0    Dex: 13    Spells: 2/2 levels left

rFire   . . .      SeeInvis .   a - +0 shortbow
rCold   . . .      Faith    .   (shield currently unavailable)
rNeg    . . .      Spirit   .   c - +0 leather armour
rPois   .          Reflect  .   (helmet restricted)
rElec   .          Harm     .   (no cloak)
rCorr   .          Rampage  .   (no gloves)
Will    .....                   (no boots)
Stlth   +.........              (no amulet)
HPRegen 0.10/turn               (no ring)
MPRegen 0.08/turn               (no ring)

@: attractive
A: horns 2, retaliatory headbutt
a: no special abilities


You were on level 3 of the Dungeon.
You visited 1 branch of the dungeon, and saw 3 of its levels.

You collected 73 gold pieces.

Inventory:

Hand Weapons
 a - a +0 shortbow (weapon)
 d - a +1 short sword of flaming
Armour
 c - a +0 leather armour (worn)
Scrolls
 b - a scroll of immolation
 e - 3 scrolls of teleportation
 g - 2 scrolls of enchant weapon {unknown}
 h - 2 scrolls of identify {unknown}
 j - a scroll of summoning {unknown}
 m - a scroll of enchant armour {unknown}
 n - 2 scrolls of vulnerability {unknown}
Potions
 f - 2 potions of heal wounds {unknown}
 i - a potion of flight {unknown}
 k - 2 potions of curing
 l - 3 potions of attraction


   Skills:
 + Level 3.1 Fighting
 + Level 5.4 Ranged Weapons
 + Level 1.0 Armour
 + Level 2.3 Dodging
 + Level 0.7 Stealth


You had 2 spell levels left.
You didn't know any spells.
Your spell library contained the following spells:

 Spells                   Type           Power      Damage    Failure   Level
 Blink                    Tloc           0%         N/A       65%         2
 Lesser Beckoning         Tloc           0%         N/A       87%         3
 Manifold Assault         Tloc           0%         N/A       100%        5


Dungeon Overview and Level Annotations

Branches:
Dungeon (3/15)

Altars:
Wu Jian

Annotations:
D:3 Robin


Innate Abilities, Weirdness & Mutations

You have a pair of horns on your head.
You reflexively headbutt those who attack you in melee.


Message History

The goblin is attracted toward you. x3; Robin is attracted toward you.
Robin shouts!
Robin roars a battlecry!
The goblins go into a battle-frenzy!
You hear a shout! x2
The goblin is attracted toward you. x2; Robin is attracted toward you.
Fire: a) +0 shortbow
Press: ? - help, Q - select action Shift-Dir - straight line, f - goblin
Aim: a goblin, wielding a +0 dagger (strong, 53% to hit)
You shoot an arrow. The arrow barely misses the goblin. x2
The arrow closely misses Robin.
You hear a shout!
The goblin hits you with a +0 club. Robin throws the goblin at you!
The goblin hits you with a +0 dagger. The goblin is attracted toward you.
The hobgoblin is attracted toward you. The goblin is attracted toward you.
The hobgoblin is attracted toward you. 2 goblins and 2 hobgoblins come into view.
Why would you want to do that?
You clumsily bash the goblin but do no damage.
Your headbutt misses the goblin. The goblin closely misses you.
A goblin comes into view. It is wielding a +0 club.
The goblin hits you with a +0 dagger. The goblin barely misses you.
The goblin is attracted toward you.
You clumsily bash the goblin but do no damage.
Your headbutt misses the goblin.
A goblin comes into view. It is wielding a +0 dagger.
The goblin hits you with a +0 club.
Robin says, "Feeling lonely?"
The goblin completely misses you. You furiously retaliate!
You headbutt the goblin!
You kill the goblin!
The goblin closely misses you. The goblin hits you with a +0 club.
A goblin comes into view. It is wielding a +0 club.
The goblin moves out of view.
The hobgoblin is attracted toward you. x2
The goblin is attracted toward you.
Your Armour skill increases to level 1!
You clumsily bash the goblin but do no damage.
The goblin hits you with a +0 morningstar!
Ouch! That really hurt!
You die...

# ###
#####.#<#######
.........[§...#
###..§≈≈≈≈§≈≈g#
#..≈≈≈≈≈§gg@#
#..≈≈_...g8g#
#..≈≈≈≈§§§gg#
#...≈≈≈§§§≈g#
......§..§.§g.
###.......#....
...<.#.§..
######.§.§
....§.


You could see Robin, 2 hobgoblins and 6 goblins.

Vanquished Creatures
  An adder (D:2)
  A dart slug (D:1)
  A worm (D:2)
  2 endoplasms (D:1)
  4 giant cockroaches
  3 goblins
  5 hobgoblins (D:1)
  3 jackals (D:1)
  3 kobolds (D:1)
  A quokka (D:2)
  7 ball pythons
  5 bats
  2 frilled lizards
  A rat (D:1)
39 creatures vanquished.

Notes
Turn   | Place    | Note
-------+----------+-------------------------------------------
     0 | D:1      | unlimited1921 the Minotaur Hunter began the quest for the
                  | Orb.
     0 | D:1      | Reached XP level 1. HP: 18/18 MP: 0/0
   380 | D:1      | Reached XP level 2. HP: 25/25 MP: 1/1
   969 | D:1      | Reached skill level 5 in Ranged Weapons
  1118 | D:1      | Reached XP level 3. HP: 31/31 MP: 2/2
  1503 | D:2      | Found a faded altar of an unknown god.
  1956 | D:3      | Found an ornate altar of the Wu Jian Council.
  1970 | D:3      | Noticed Robin
  1975 | D:3      | Reached skill level 1 in Armour
  1975 | D:3      | Slain by a goblin

Illustrated notes

Levels and vault maps discovered:
D:1:      minmay_arrival_pointy, layout_basic, nicolae_titane
D:2:      layout_rooms, shapermc_ecumenical_altar_acropolis
D:3:      layout_basic, mainiacjoe_overflow_catwalk, serial_shops, shop,
          uniq_grinder, uniq_robin

Skill      XL: |  1  2  3 |
---------------+----------+-----
Ranged Weapons | 5 |  5.4
Fighting       | 3 |  3.1
Armour         | 1 |  1.0
Dodging        | |  2.3
Stealth        | |  0.7

Action                   || total
-------------------------++-------
Melee: Shortbow          ||     5
 Fire: Shortbow          ||   106
  Use: Potion            ||     3
       Scroll            ||     1
Armor: Leather armour    ||    25
Dodge: Dodged            ||    39
